 Dungeon Crawl Stone Soup version 0.30.0-5-g1a98f26d00 (webtiles) character file.

Game seed: 7979741581054891313

2175 H0rd4k the Ducker (level 9, 0/69 HPs)
             Began as a Human Artificer on May 8, 2023.
             Was an Initiate of Gozag.
             Succumbed to a kobold brigand's curare-tipped dart
             ... in a bailey on May 9, 2023.
             The game lasted 00:09:44 (8718 turns).

H0rd4k the Ducker (Human Artificer)                 Turns: 8718, Time: 00:09:45

Health: 0/69       AC:  4    Str: 12    XL:     9   Next: 58%
Magic:  0/12       EV: 15    Int: 15    God:    Gozag
Gold:   529        SH:  0    Dex: 15    Spells: 12/12 levels left

rFire   . . .        E - +2 flail
rCold   . . .        (no shield)
rNeg    . . .        b - +0 leather armour
rPois   .            a - +0 helmet
rElec   .            (no cloak)
rCorr   .            (no gloves)
SInv    +            (no boots)
Will    .....        A - amulet of guardian spirit
Stlth   ++           j - ring of see invisible
HPRegen 0.31/turn    (no ring)
MPRegen 0.13/turn

%: guardian spirit
@: lethally poisoned (0 -> -13), gold aura, slowed, very slow
A: no striking features
a: Renounce Religion, Potion Petition, Call Merchant, Bribe Branch


You were in a bailey.
You worshipped Gozag.
Gozag was pleased with you.
You visited 2 branches of the dungeon, and saw 8 of its levels.
You also visited: Sewer and Bailey.

You collected 582 gold pieces.
You paid 53 gold pieces to Gozag.

Inventory:

Hand Weapons
 E - a +2 flail (weapon)
Missiles
 r - 2 poisoned darts
 G - 6 boomerangs of dispersal
Armour
 a - a +0 helmet (worn)
 b - a +0 leather armour (worn)
Magical Staves
 l - a staff of earth
Jewellery
 j - a ring of see invisible (left hand)
 q - a ring of protection from fire
 A - an amulet of guardian spirit (around neck)
Wands
 c - a wand of flame (18) (quivered)
 d - a wand of charming (7)
 e - a wand of iceblast (2)
Scrolls
 f - a scroll of torment
 g - 6 scrolls of teleportation
 h - 2 scrolls of identify
 o - 4 scrolls of amnesia
 p - a scroll of silence
 v - a scroll of fog
 y - 2 scrolls of fear
 z - a scroll of poison
 D - 2 scrolls of vulnerability
 F - a scroll of blinking
Potions
 i - 5 potions of flight
 k - 4 potions of attraction
 m - a potion of heal wounds {unknown}
 n - 3 potions of degeneration {unknown}
 s - 2 potions of mutation {unknown}
 u - a potion of lignification {unknown}
 w - 2 potions of berserk rage {unknown}
 x - 3 potions of brilliance {unknown}
 C - 2 potions of haste {unknown}
Miscellaneous
 t - a phial of floods


   Skills:
 + Level 6.0 Fighting
 - Level 3.4 Maces & Flails
 - Level 2.0 Armour
 + Level 7.0 Dodging
 + Level 3.6 Stealth
 * Level 2.1 Spellcasting
 + Level 6.0 Evocations


You had 12 spell levels left.
You didn't know any spells.
Your spell library contained the following spells:

 Spells                   Type           Power      Damage    Failure   Level
 Scorch                   Fire           2%         2d5       38%         2
 Flame Wave               Conj/Fire      1%         2d4       95%         4
 Summon Lightning Spire   Summ/Air       1%         N/A       95%         4
 Summon Cactus Giant      Summ           0%         N/A       100%        6
 Storm Form               Tmut/Air       0%         N/A       100%        7
 Maxwell's Capacitive Co  Air            0%         ∞         100%        8


Dungeon Overview and Level Annotations

Branches:
Dungeon (7/15)             Temple (1/1) D:4           Sewer (visited)
 Bailey (1/1)

Altars:
Cheibriados
Dithmenos
Elyvilon
Gozag
Hepliaklqana
Kikubaaqudgha
Nemelex Xobeh
Okawaru
Qazlal
Sif Muna
Uskayaw
Vehumet
Wu Jian
Xom
Zin
The Shining One

Annotations:
D:5 2 transporters, exclusion: downstairs
D:6 Maggie
D:7 exclusion: hornet


Message History

The kobold brigand misses you.
You closely miss the kobold brigand.
The kobold brigand is severely wounded.
The kobold brigand hits you with a +0 war axe!
* * * LOW HITPOINT WARNING * * *
A kobold brigand comes into view.
It is wielding a +0 war axe and quivering curare-tipped darts.
You barely miss the kobold brigand.
The kobold brigand is severely wounded.
The kobold brigand misses you.
You hit the kobold brigand.
The kobold brigand is almost dead.
The kobold brigand hits you but does no damage.
You miss the kobold brigand.
The kobold brigand is almost dead.
The kobold brigand hits you with a +0 war axe.
* * * LOW HITPOINT WARNING * * *
You sock the kobold brigand!
You kill the kobold brigand!
The kobold brigand throws a curare-tipped dart.
The curare-tipped dart hits you.
You are poisoned.
You have difficulty breathing.
* * * LOW HITPOINT WARNING * * *
You feel yourself slow down.
Your Dodging skill increases to level 7!
You feel better.
The kobold brigand throws a curare-tipped dart.
The curare-tipped dart hits you.
You are lethally poisoned!
You have difficulty breathing.
* * * LOW HITPOINT WARNING * * *
You feel as though you will be slow longer.
The kobold brigand throws a curare-tipped dart.
The curare-tipped dart closely misses you.
Aiming: Charm
Press: ? - help, Shift-Dir - straight line, f - kobold brigand
Aim: a kobold brigand, wielding a +0 war axe and quivering curare-tipped darts (chance to affect: 64%)
The kobold brigand struggles to resist.
You die...
Your body crumbles into a pile of gold.

#######
##.....##
#...∩...#
#.......#
##..∩..##
##'''## #@$$#
#$$.# #...#
#...#
#~..K....~#
#~~.......~~#
.~~.......~~...
#~~.......~~###
.~~.......~~..


You could see a kobold brigand.

Vanquished Creatures
  Grinder (D:5)
  2 ice beasts (D:6)
  3 black bears
  A sky beast (D:6)
  4 ogres
  2 phantoms
  2 kobold brigands (Bailey)
  4 wights (D:6)
  A jelly (D:6)
  4 hounds
  An orc priest (D:4)
  2 sleepcaps
  Jessica (D:2)
  A sickly merfolk siren (Sewer)
  A malarious merfolk avatar (Sewer)
  7 adders
  3 gnolls (D:7)
  3 river rats (Sewer)
  A white imp (D:7)
  3 ufetubi
  3 worms
  5 dart slugs
  An orc (D:3)
  9 endoplasms
  2 giant cockroaches
  6 hobgoblins
  9 jackals
  6 quokkas
  10 ball pythons
  3 bats
  12 frilled lizards
  8 goblins
  11 kobolds
  25 rats
  A spectral hobgoblin (D:4)
158 creatures vanquished.

Vanquished Creatures (others)
  An ogre (D:5)
  2 hounds (D:5)
3 creatures vanquished.

Grand Total: 161 creatures vanquished

Notes
Turn   | Place    | Note
-------+----------+-------------------------------------------
     0 | D:1      | H0rd4k the Human Artificer began the quest for the Orb.
     0 | D:1      | Reached XP level 1. HP: 15/15 MP: 1/1
    80 | D:1      | Found a faded altar of an unknown god.
   231 | D:1      | Reached XP level 2. HP: 17/21 MP: 2/2
   348 | D:1      | Reached skill level 1 in Maces & Flails
   648 | D:2      | Reached XP level 3. HP: 26/26 MP: 3/3
   779 | D:2      | Noticed Jessica
   791 | D:2      | Killed Jessica
   792 | D:2      | Reached XP level 4. HP: 25/32 MP: 4/4
  1728 | D:3      | Found an ornate altar of the Wu Jian Council.
  2158 | D:3      | Reached XP level 5. HP: 4/38 MP: 5/5
  2160 | D:3      | HP: 1/38 [poisoned by an adder]
  2698 | D:4      | Found a hazy altar of Hepliaklqana.
  2744 | D:4      | Found a glowing drain.
  2790 | D:4      | Reached skill level 2 in Dodging
  2825 | Sewer    | Entered a sewer
  3173 | Sewer    | Reached XP level 6. HP: 31/46 MP: 6/6
  3723 | D:4      | Found a snail-covered altar of Cheibriados.
  4100 | D:4      | Reached skill level 3 in Dodging
  4540 | D:4      | Found a staircase to the Ecumenical Temple.
  4555 | Temple   | Entered the Ecumenical Temple
  4578 | Temple   | Became a worshipper of Gozag Ym Sagoz the Greedy
  4875 | D:5      | Entered Level 5 of the Dungeon
  4887 | D:5      | Reached XP level 7. HP: 37/51 MP: 7/7
  4970 | D:5      | Found an ancient bone altar of Kikubaaqudgha.
  4970 | D:5      | Found a stormy altar of Qazlal.
  4995 | D:5      | Reached skill level 4 in Dodging
  5246 | D:5      | Found a transporter.
  5267 | D:5      | Found a transporter.
  5545 | D:5      | Noticed Grinder
  5564 | D:5      | Killed Grinder
  5565 | D:5      | Reached skill level 5 in Dodging
  5565 | D:5      | Reached XP level 8. HP: 22/60 MP: 8/8
  6945 | D:6      | Reached skill level 5 in Fighting
  6945 | D:6      | Reached skill level 6 in Dodging
  6945 | D:6      | Reached skill level 5 in Evocations
  6958 | D:6      | Reached XP level 9. HP: 67/68 MP: 9/9
  7390 | D:6      | Reached skill level 1 in Spellcasting
  7874 | D:6      | Noticed Maggie
  8197 | D:7      | Noticed a hornet
  8353 | D:7      | Found a hide-covered altar of Uskayaw.
  8570 | D:7      | Found a flagged portal.
  8601 | Bailey   | Entered a bailey
  8716 | Bailey   | HP: 1/69 [asphyx]
  8717 | Bailey   | Reached skill level 7 in Dodging
  8718 | Bailey   | Succumbed to a kobold brigand's curare-tipped dart

Illustrated notes

Levels and vault maps discovered:
D:1:      scummos_arrival_forest, layout_basic,
          shapermc_ecumenical_altar_totnotflames
D:2:      layout_loops_ring, uniq_jessica
D:3:      layout_loops_ring, nzn_wu_jian_contemplation, minmay_misc_feat_cross,
          minmay_surrounded
D:4:      layout_basic, kennysheep_slug_shrine,
          nicolae_hepliaklqana_monster_ancestors,
          minmay_temple_entry_proselytizer, portal_sewer_entry_f
D:5:      gammafunk_steamed_eel, layout_basic, nicolae_overflow_two_pavilions,
          nicolae_elevator_lobby_plus, uniq_grinder
D:6:      layout_basic, uniq_maggie
D:7:      layout_basic, eat_drink_and_be_merry_uskayaw, enter_bailey_5
Temple:   nicolae_temple_x_marks_the_god
Bailey:   bailey_axe_3, bailey

Skill      XL: |  1  2  3  4  5  6  7  8  9 |
---------------+----------------------------+-----
Maces & Flails | 1 2 3 |  3.4
Dodging        | 2 3 5 6 7 |  7.0
Fighting       | 2 4 5 6 |  6.0
Evocations     | 4 5 6 |  6.0
Stealth        | 2 3 |  3.6
Spellcasting   | 2 |  2.1
Armour         | |  2.0

Action                     |  1- 3 |  4- 6 |  7- 9 || total
---------------------------+-------+-------+-------++-------
  Melee: Club              |    77 |    65 |       ||   142
         Punch             |     1 |     1 |     2 ||     4
         Mace              |       |   302 |    89 ||   391
         Flail             |       |       |   127 ||   127
  Evoke: Wand              |     4 |    15 |    43 ||    62
    Use: Potion            |       |     4 |     1 ||     5
         Scroll            |       |       |     8 ||     8
   Stab: Sleeping          |       |     5 |     2 ||     7
 Armour: Leather armour    |    26 |   135 |    91 ||   252
  Dodge: Dodged            |    49 |   273 |   276 ||   598
